 Dungeon Crawl Stone Soup version 0.22-a0-377-g846bec1 (webtiles) character file.

320 Falco the Bolt Thrower (level 6, 0/50 HPs)
             Began as a Centaur Hunter on Apr 28, 2018.
             Slain by a worker ant (5 damage)
             ... on level 4 of the Dungeon.
             The game lasted 00:16:02 (3219 turns).

Falco the Bolt Thrower (Centaur Hunter)             Turns: 3219, Time: 00:16:02

Health: 0/50       AC:  4    Str: 16    XL:     6   Next: 22%
Magic:  6/6        EV:  9    Int: 15    God:
Gold:   162        SH:  0    Dex: 10    Spells: 5/5 levels left

rFire    . . .     SeeInvis .   a - +1 hand crossbow
rCold    . . .     Gourm    .   (no shield)
rNeg     . . .     Faith    .   c - +0 leather armour
rPois    .         Spirit   .   (no helmet)
rElec    .         Reflect  .   (no cloak)
rCorr    .         Harm     .   (no gloves)
MR       .....                  (no barding)
Stlth    ++........             (no amulet)
HPRegen  0.16/turn              p - +5 ring of intelligence
MPRegen  0.10/turn              m - ring of stealth

@: lethally poisoned (0 -> -3), very quick
A: large, hooves 3, deformed body, speed 2, tough skin 3
a: no special abilities


You were on level 4 of the Dungeon.
You were not hungry.

You visited 1 branch of the dungeon, and saw 4 of its levels.

You collected 162 gold pieces.

Inventory:

Hand Weapons
 a - a +1 hand crossbow (weapon)
 b - a +0 short sword
Missiles
 d - 24 bolts (quivered)
 k - 5 tomahawks
 v - 9 poisoned needles
Armour
 c - a +0 leather armour (worn)
 o - a +0 large shield
Jewellery
 l - an uncursed ring of positive energy
 m - a ring of stealth (right hand)
 p - a +5 ring of intelligence (left hand)
Scrolls
 e - a scroll of enchant armour {unknown}
 i - a scroll of teleportation {unknown}
 j - a scroll of remove curse
 n - a scroll of enchant weapon {unknown}
 q - 2 scrolls of fear {unknown}
 t - a scroll of blinking {unknown}
 u - 2 scrolls of magic mapping {unknown}
Potions
 g - a potion of lignification {unknown}
 h - a potion of flight {unknown}
 r - a potion of cancellation {unknown}
 s - a potion of curing {unknown}
Comestibles
 f - 4 rations


   Skills:
 + Level 2.6 Fighting
 + Level 7.5 Crossbows
 + Level 0.1 Throwing
 + Level 1.2 Armour
 + Level 1.5 Dodging
 + Level 0.5 Stealth


You had 5 spell levels left.
You didn't know any spells.

Dungeon Overview and Level Annotations

Branches:
Dungeon (4/15)
 Temple: D:4-7

Altars:
Fedhas
Hepliaklqana
Trog
Uskayaw

Annotations:
D:3 exclusion: oklob plant, Grinder


Innate Abilities, Weirdness & Mutations

You have hooves in place of feet.
Armour fits poorly on your strangely shaped body.
You cover ground very quickly.
You have extremely tough skin. (AC +3)


Message History

You feel sick.
You feel sick.
Firing (i - inventory. (/) - cycle)
d - 26 bolts (quivered)
Press: ? - help, Shift-Dir - straight line, f/p - ogre
Aim: an ogre, wielding a giant club (severely wounded)
You shoot a bolt. The bolt hits the ogre!
You kill the ogre!
You have reached level 6!
Your experience leads to an increase in your attributes!
Your base attributes are Str 15, Int 10, Dex 10.
Increase (S)trength, (I)ntelligence, or (D)exterity?
You feel stronger. The worker ant bites you.
* * * LOW HITPOINT WARNING * * *
Firing (i - inventory. (/) - cycle)
d - 25 bolts (quivered)
Press: ? - help, Shift-Dir - straight line, f - worker ant
Aim: a worker ant You shoot a bolt.
The bolt closely misses the worker ant.
You feel sick. The worker ant bites you.
You die...

................(.#
...................#
...............(...#
..............<....#
...................#
.................(.#
...................#
...................#
.......@a(.........#
...................#
####################


You could see a worker ant.

Vanquished Creatures
  An ogre (D:4)
  An orc priest (D:3)
  2 orc wizards (D:3)
  7 gnolls
  An adder (D:2)
  An ooze (D:1)
  A worm (D:2)
  A leopard gecko (D:1)
  9 orcs (D:3)
  3 ball pythons
  A giant cockroach (D:2)
  6 goblins
  5 hobgoblins
  2 quokkas (D:2)
  9 bats
  4 frilled lizards
  8 kobolds
  6 rats
68 creatures vanquished.

Notes
Turn   | Place    | Note
-------+----------+-------------------------------------------
     0 | D:1      | Falco the Centaur Hunter began the quest for the Orb.
     0 | D:1      | Reached XP level 1. HP: 17/17 MP: 1/1
   139 | D:1      | Reached XP level 2. HP: 24/24 MP: 2/2
   149 | D:1      | Reached skill level 5 in Crossbows
   611 | D:2      | Reached XP level 3. HP: 29/29 MP: 3/3
   872 | D:2      | Found a hide-covered altar of Uskayaw.
   944 | D:2      | Found a hazy altar of Hepliaklqana.
  1018 | D:2      | Found a bloodstained altar of Trog.
  1021 | D:2      | Reached skill level 6 in Crossbows
  1021 | D:2      | Reached XP level 4. HP: 36/36 MP: 4/4
  1497 | D:3      | Reached XP level 5. HP: 30/41 MP: 5/5
  1886 | D:3      | Found a blossoming altar of Fedhas.
  1900 | D:3      | Noticed an oklob plant
  1940 | D:3      | Noticed Grinder
  2935 | D:3      | Reached skill level 7 in Crossbows
  2983 | D:3      | Reached skill level 1 in Armour
  3205 | D:4      | Noticed an ogre
  3218 | D:4      | Killed an ogre
  3218 | D:4      | Reached XP level 6. HP: 7/50 MP: 6/6
  3219 | D:4      | Slain by a worker ant

Vault maps used:
D:1:      dpeg_arrival_tiny_i, minmay_pentomino_p4
D:2:      overflow_temple_1_default, lemuel_round_altar, lightli_temple_of_fire
D:3:      tgw_fedhas, uniq_grinder
D:4:      first_ration, nicolae_ossuary_entry_plus, uniq_edmund

Skill      XL: |  1  2  3  4  5 |
---------------+----------------+-----
Crossbows      | 5 6 7 |  7.5
Armour         | 1 |  1.2
Fighting       | |  2.6
Throwing       | |  0.1
Dodging        | |  1.5
Stealth        | |  0.5

Action                   |  1- 3 |  4- 6 || total
-------------------------+-------+-------++-------
Melee: Short sword       |       |     4 ||     4
       Kick              |       |     2 ||     2
 Fire: Hand crossbow     |    84 |    94 ||   178
Throw: Tomahawk          |       |     3 ||     3
  Use: Scroll            |       |     4 ||     4
       Potion            |       |     2 ||     2
  Eat: Ration            |       |     2 ||     2
Armor: Leather armour    |     4 |    13 ||    17
Dodge: Dodged            |     4 |    21 ||    25

Table legend:
 A = Spawn XP
 B = Non-spawn XP
 C = Spawn XP percentage of total XP
 D = Spawn monster count
 E = Non-spawn monster count
 F = Spawn count percentage of total count
 G = Total turns spent on level
                    A         B        C        D         E        F      G
               +---------+---------+-------+---------+---------+-------+---------
         Total |       0 |     458 |   0.0 |       0 |      68 |   0.0 |  3219
               +---------+---------+-------+---------+---------+-------+---------
           D:1 |       0 |      36 |   0.0 |       0 |      20 |   0.0 |   587
           D:2 |       0 |      95 |   0.0 |       0 |      26 |   0.0 |  1179
           D:3 |       0 |     205 |   0.0 |       0 |      21 |   0.0 |  1439
           D:4 |       0 |     122 |   0.0 |       0 |       1 |   0.0 |    14
               +---------+---------+-------+---------+---------+-------+---------
